 Dungeon Crawl Stone Soup version 0.29.1-15-g9cfb28693d (webtiles) character file.

Game seed: 5409570253747220778

211347 Gabide the Brawler (level 17, -3/133 (137) HPs)
             Began as a Demigod Fighter on Apr 23, 2023.
             Slain by a wolf spider (8 damage)
             ... led by a jorogumo
             ... on level 1 of the Spider Nest.
             The game lasted 01:05:06 (39085 turns).

Gabide the Brawler (Demigod Fighter)               Turns: 39085, Time: 01:05:06

HP:   -3/133 (137)  AC: 18    Str: 37    XL:     17   Next: 95%
MP:   43/47         EV: 14    Int: 10    God:
Gold: 463           SH:  5    Dex: 13    Spells: 25/40 levels left

rFire   . . .      SeeInvis .     - Unarmed
rCold   + + .      Faith    .   (shield currently unavailable)
rNeg    . . .      Spirit   .   X - +2 scale mail {rC+}
rPois   +          Reflect  +   i - +2 helmet
rElec   +          Harm     .   m - +2 cloak
rCorr   +          Rampage  .   (gloves currently unavailable)
Will    ++...                   n - +2 pair of boots
Stlth   ..........              k - amulet of reflection
HPRegen 0.32/turn               e - ring of Moodiness {rElec rPois rC+ rCorr MP+9}
MPRegen 0.30/turn               t - ring of willpower

@: about to teleport, blade hands, studying Axes, lightly drained
A: high MP 1, forlorn, divine attributes
a: End Transformation


You were on level 1 of the Spider Nest.
You had blades for hands.
You visited 5 branches of the dungeon, and saw 25 of its levels.
You also visited: Ice Cave.

You collected 4038 gold pieces.
You spent 3575 gold pieces at shops.

Inventory:

Missiles
 N - a throwing net
Armour
 i - a +2 helmet (worn)
 m - a +2 cloak (worn)
 n - a +2 pair of boots (worn)
 r - a +0 pair of gloves (melded)
 X - a +2 scale mail of cold resistance (worn)
 Z - a +2 buckler of cold resistance (melded)
Jewellery
 d - a ring of ice
 e - the ring of Moodiness (left blade hand) {rElec rPois rC+ rCorr MP+9}
   (You acquired it on level 1 of the Dungeon)

   [ring of poison resistance]

   rC:        It protects you from cold.
   rElec:     It insulates you from electricity.
   rPois:     It protects you from poison.
   MP:        It affects your magic capacity (+9).
   rCorr:     It protects you from acid and corrosion.
 k - an amulet of reflection (around neck)
 s - a ring of flight
 t - a ring of willpower (right blade hand)
 y - a ring of positive energy
 E - a +4 ring of evasion
 R - a +6 ring of intelligence
Wands
 S - a wand of charming (7)
 W - a wand of quicksilver (18)
 Y - a wand of polymorph (4)
Scrolls
 l - 3 scrolls of vulnerability
 p - 5 scrolls of amnesia
 A - 3 scrolls of teleportation
 C - a scroll of poison
 D - 4 scrolls of silence
 F - a scroll of immolation
 G - 2 scrolls of torment
 K - 2 scrolls of enchant weapon
 L - 2 scrolls of brand weapon
 V - a scroll of magic mapping
Potions
 a - a potion of berserk rage
 c - 2 potions of might
 f - 7 potions of flight
 o - 3 potions of attraction
 q - 5 potions of mutation
 u - 8 potions of curing
 x - 2 potions of brilliance
 z - 2 potions of lignification
 M - a potion of magic
 P - a potion of cancellation
 T - a potion of haste
Miscellaneous
 H - a box of beasts (inert)
 I - a condenser vane
 J - a phial of floods
 O - a tin of tremorstones (2/2)
 U - a lightning rod (3/4)


   Skills:
 - Level 9.0 Fighting
 - Level 3.0 Armour
 - Level 9.0 Dodging
 - Level 3.0 Shields
 - Level 16.0 Unarmed Combat
 - Level 12.0 Spellcasting
 - Level 12.0 Transmutations
 + Level 11.5 Earth Magic


You had 25 spell levels left.
You knew the following spells:

 Your Spells              Type           Power      Damage    Failure   Level
a - Blade Hands           Tmut           15%        N/A       30%         5
b - Statue Form           Tmut/Erth      19%        N/A       67%         6
c - Petrify               Tmut/Erth      29%        N/A       19%         4

Your spell library contained the following spells:

 Spells                   Type           Power      Damage    Failure   Level
 Ice Form                 Ice/Tmut       18%        N/A       58%         4
 Apportation              Tloc           12%        N/A       63%         1
 Magic Dart               Conj           24%        1d4       63%         1
 Necrotise                Necr           24%        1d5       63%         1
 Summon Small Mammal      Summ           24%        N/A       63%         1
 Blink                    Tloc           12%        N/A       73%         2
 Ensorcelled Hibernation  Hex/Ice        12%        N/A       73%         2
 Searing Ray              Conj           12%        2d4       73%         2
 Sublimation of Blood     Necr           6%         N/A       73%         2
 Alistair's Intoxication  Tmut/Pois      12%        N/A       83%         5
 Irradiate                Conj/Tmut      9%         3d14      83%         5
 Yara's Violent Unravell  Hex/Tmut       9%         3d6       83%         5
 Frozen Ramparts          Ice            12%        1d2       88%         3
 Portal Projectile        Hex/Tloc       12%        N/A       88%         3
 Tukima's Dance           Hex            6%         N/A       88%         3
 Dragon Form              Tmut           15%        N/A       97%         7
 Airstrike                Air            3%         2d(1-17)  99%         4
 Cause Fear               Hex            3%         N/A       99%         4
 Fulminant Prism          Conj/Hex       3%         3d6       99%         4
 Passage of Golubria      Tloc           6%         N/A       99%         4
 Summon Ice Beast         Ice/Summ       6%         N/A       99%         4
 Summon Lightning Spire   Summ/Air       6%         N/A       99%         4
 Lightning Bolt           Conj/Air       3%         1d14      100%        5
 Manifold Assault         Tloc           6%         N/A       100%        5
 Storm Form               Tmut/Air       9%         N/A       100%        7
 Dragon's Call            Summ           3%         N/A       100%        9


Dungeon Overview and Level Annotations

Branches:
Dungeon (15/15)            Temple (0/1) D:4            Lair (5/5) D:8
  Swamp (2/4) Lair:3       Spider (1/4) Lair:2        Slime (0/5) Lair:5
    Orc (2/2) D:12            Elf (0/3) Orc:2        Vaults (0/5) D:13
 Depths (0/4) D:15          IceCv (visited)

Shops:
D:5 (=[   D:12 (   D:13 :   Orc:1 =!([   Orc:2 *!==


Innate Abilities, Weirdness & Mutations

You have blades for hands.
Your spellcasting is less reliable in this form.
You are incapable of wielding weapons or throwing items.
You have an increased reservoir of magic. (+10% MP)
You shall have no god before yourself.
Your divine heritage dramatically boosts your attributes as you level up.


Message History

The stream of webbing hits the jorogumo but does no damage.
The culicivora bites you but does no damage.
The wolf spider's many legs skitter.
You miss the culicivora.
The culicivora is severely wounded.
The culicivora completely misses you.
Casting: Blade Hands (dangerous; 5% risk of failure)
Press: ? - help, Q - select action, (/) - cycle Dir - look around, f - activate Your hands turn into razor-sharp scythe blades.
Your +0 pair of gloves melds into your body.
Your +2 buckler of cold resistance melds into your body.
You feel less resistant to cold.
The jumping spider leaps!
The culicivora bites you but does no damage.
The jorogumo casts a spell at you. The bolt of negative energy hits you!
You feel drained. The jorogumo hits you!!
* * * LOW HITPOINT WARNING * * *
You block the culicivora's attack.
Okay, then.
Unknown command.
Unknown command.
As you read the scroll of teleportation, it crumbles to dust.
You feel strangely unstable.
The jumping spider leaps!
The culicivora barely misses you. You block the jorogumo's attack.
The jumping spider leaps!
Unknown command.
You barely miss the orb spider.
The wolf spider hits you but does no damage.
The wolf spider closely misses you. The culicivora bites you!
* * * LOW HITPOINT WARNING * * *
The culicivora draws strength from your injuries!
The jorogumo completely misses you.
Unknown command.
The culicivora attacks as you move away!
The culicivora bites you!
* * * LOW HITPOINT WARNING * * *
The culicivora draws strength from your injuries!
The wolf spider hits you!
You die...

.#.###...... #...
....^#..... ####†
.........###....
...s....#......
#......#..^†..
#.....####....
######..###..†....
##.#..^...#)...##..
#s@.s......)^###...
##.sH.......## ...
###....#...# ...
...s..#^### ..#.
......#### .
..........
.###.......
........


You could see a jorogumo, a wolf spider, an orb spider (charged), a culicivora
and a jumping spider.

Vanquished Creatures
  Kirke (D:14)
  Frances (D:14)
  A frost giant (IceCv)
  5 eleionomae
  2 bunyips
  Snorg (D:14)
  Fannar (Orc:1)
  14 hydras
  6 boulder beetles
  A merfolk avatar (Lair:5)
  Erolcha (Orc:1)
  A jorogumo (Spider:1)
  A catoblepas (Lair:5)
  5 centaur warriors
  2 radroaches
  11 two-headed ogres
  An alligator (Swamp:2)
  A vampire mage (D:15)
  4 tengu warriors
  Urug (Orc:2)
  5 orc high priests (Orc:2)
  2 skeletal warriors (D:15)
  4 orb spiders (Spider:1)
  2 pharaoh ants (Lair:2)
  A goliath frog (Swamp:1)
  3 bog bodies
  2 spriggan druids
  A steelbarb worm (Spider:1)
  4 orc knights (Orc:2)
  A lindwurm (Lair:2)
  A swamp dragon (Swamp:2)
  2 harpies (Lair:5)
  A necromancer (D:15)
  A sphinx zombie (D:15)
  5 wolf spiders
  3 cyclopes
  2 will-o-the-wisps
  3 deep elf pyromancers
  A stone giant zombie (D:15)
  4 manticores
  16 ugly things
  5 black mambas
  4 elephants
  A frost giant zombie (D:15)
  An ice statue (IceCv)
  3 torpor snails
  11 cane toads
  3 gargoyles
  An efreet (D:15)
  5 rime drakes
  7 komodo dragons
  2 demonic crawlers
  4 kobold demonologists
  A rime drake (shapeshifter) (D:13)
  2 tengu conjurers (D:15)
  3 meliai (Spider:1)
  5 trolls
  8 hornets
  A polar bear (shapeshifter) (D:13)
  10 polar bears
  A tyrant leech (Swamp:1)
  A wind drake (Lair:5)
  20 blink frogs
  A hornet (shapeshifter) (D:9)
  6 tarantellas
  12 slime creatures
  A snapping turtle (Lair:5)
  A dream sheep (Lair:2)
  4 jumping spiders
  2 culicivoras
  5 spriggans
  2 shadows (D:12)
  67 yaks
  A wyvern (Lair:3)
  2 wraiths
  2 vampires
  5 humans
  A water elemental (D:15)
  5 hogs
  3 basilisks
  8 steam dragons
  15 vampire mosquitoes
  8 redbacks (Spider:1)
  2 wargs (Orc:2)
  5 swamp worms
  14 water moccasins
  27 orc warriors
  A swamp drake (Swamp:1)
  3 black bears
  A sky beast (D:7)
  3 ice beasts (D:5)
  7 ogres
  26 wolves
  16 centaurs
  3 phantoms
  14 bullfrogs
  3 gnoll sergeants
  A scorpion (D:4)
  11 wights
  A tengu zombie (D:15)
  7 killer bees
  3 howler monkeys
  A howler monkey (shapeshifter) (D:13)
  4 electric eels
  A quasit (D:6)
  A hound (D:7)
  3 jellies
  35 orc priests
  A gnoll bouda (D:9)
  19 orc wizards
  4 iguanas
  16 gnolls
  9 adders
  2 shadow imps
  3 white imps (D:6)
  3 ufetubi (D:6)
  2 worms
  3 dart slugs
  69 orcs
  4 endoplasms
  11 goblins
  7 hobgoblins
  5 quokkas
  7 ball pythons
  3 bats
  4 frilled lizards
  10 kobolds
  5 rats
755 creatures vanquished.

Vanquished Creatures (collateral kills)
  An ironbound preserver (D:13)
  A boulder beetle (D:13)
  A centaur warrior (D:13)
  A two-headed ogre (D:13)
  A deep elf pyromancer (D:13)
  A komodo dragon (Lair:5)
  A snapping turtle (Lair:5)
  2 wyverns (Lair:5)
  4 yaks (Lair:5)
  A steam dragon (Lair:5)
  A vampire mosquito (D:13)
  Duvessa (D:7)
  An orc warrior (D:8)
  An orc (D:8)
18 creatures vanquished.

Vanquished Creatures (others)
  A rime drake (Lair:5)
  2 cane toads (Lair:5)
  4 yaks (Lair:5)
  A redback (Spider:1)
  A human (D:14)
  A vampire mosquito (D:13)
  2 water moccasins
  Dowan (D:7)
  5 orcs
  A demonic plant (D:6)
  4 foxfires (Swamp:2)
  31 fungi
  59 plants
  6 withered plants (D:15)
119 creatures vanquished.

Grand Total: 892 creatures vanquished

Notes
Turn   | Place    | Note
-------+----------+-------------------------------------------
     0 | D:1      | Gabide the Demigod Fighter began the quest for the Orb.
     0 | D:1      | Reached XP level 1. HP: 18/18 MP: 3/3
    60 | D:1      | Reached skill level 2 in Unarmed Combat
   274 | D:1      | Reached XP level 2. HP: 22/25 MP: 4/4
   438 | D:1      | Reached skill level 3 in Unarmed Combat
  1327 | D:1      | Identified a scroll of acquirement
  1348 | D:1      | Acquired the ring of Moodiness {rElec rPois rC+ rCorr MP+9}
  1491 | D:2      | Reached XP level 3. HP: 24/30 MP: 5/5
  2104 | D:2      | Identified the +0 ring mail of Zukufuid {rC+ Int+2}
  2625 | D:3      | Reached skill level 4 in Unarmed Combat
  2815 | D:3      | Reached XP level 4. HP: 37/37 MP: 6/6
  3293 | D:3      | Noticed a phantom
  3302 | D:3      | Killed a phantom
  3303 | D:3      | Reached skill level 5 in Unarmed Combat
  3303 | D:3      | Reached XP level 5. HP: 37/42 MP: 7/7
  4139 | D:4      | Reached skill level 6 in Unarmed Combat
  4139 | D:4      | Reached XP level 6. HP: 30/50 MP: 8/8
  4490 | D:4      | Reached skill level 1 in Dodging
  4979 | D:4      | Found a staircase to the Ecumenical Temple.
  5254 | D:4      | Noticed a water moccasin
  5263 | D:4      | Killed a water moccasin
  5264 | D:4      | Reached XP level 7. HP: 55/57 MP: 9/9
  5454 | D:5      | Entered Level 5 of the Dungeon
  5810 | D:5      | Found Luess's Jewellery Boutique.
  5877 | D:5      | Reached skill level 7 in Unarmed Combat
  5915 | D:5      | Found Paehiule's Weapon Boutique.
  5928 | D:5      | Reached XP level 8. HP: 62/66 MP: 10/10
  6215 | D:5      | Reached skill level 8 in Unarmed Combat
  6375 | D:5      | Found Izomeck's Antique Armour Boutique.
  6380 | D:5      | Bought a pair of gloves for 126 gold pieces
  6687 | D:6      | Reached skill level 5 in Fighting
  6770 | D:6      | Reached skill level 5 in Dodging
  7388 | D:5      | Bought a shiny ring mail for 196 gold pieces
  7471 | D:7      | Noticed Dowan
  7472 | D:7      | Noticed Duvessa
  7484 | D:7      | Your ally Dowan died
  7489 | D:7      | Killed Duvessa
  7490 | D:7      | Reached XP level 9. HP: 50/74 MP: 11/11
  7524 | D:7      | Reached skill level 9 in Unarmed Combat
  8829 | D:8      | Reached skill level 10 in Unarmed Combat
  9017 | D:8      | Reached XP level 10. HP: 71/84 MP: 13/13
  9160 | D:8      | You fall into a shaft and drop 2 floors!
  9160 | D:10     | Entered Level 10 of the Dungeon
  9235 | D:10     | Noticed a two-headed ogre
  9240 | D:10     | Killed a two-headed ogre
  9398 | D:10     | Acquired 689 gold pieces
  9439 | D:9      | Noticed a centaur warrior
  9458 | D:9      | Killed a centaur warrior
  9459 | D:9      | Reached skill level 11 in Unarmed Combat
  9799 | D:9      | Noticed a tengu warrior
  9822 | D:9      | Killed a tengu warrior
 11300 | D:8      | Found a staircase to the Lair.
 11378 | D:8      | Got The Foundations of Rites and Rhymes
 11663 | Lair:1   | Entered Level 1 of the Lair of Beasts
 11687 | Lair:1   | Reached XP level 11. HP: 94/94 MP: 14/14
 11752 | Lair:1   | Noticed a four-headed hydra
 11761 | Lair:1   | Killed a four-headed hydra
 11762 | Lair:1   | Reached skill level 12 in Unarmed Combat
 12939 | Lair:2   | Found a hole to the Spider Nest.
 13067 | Lair:2   | Noticed a lindwurm
 13077 | Lair:2   | Killed a lindwurm
 13078 | Lair:2   | Reached skill level 13 in Unarmed Combat
 13437 | Lair:2   | Noticed a seven-headed hydra
 13461 | Lair:2   | Killed a seven-headed hydra
 14131 | Spider:1 | Entered Level 1 of the Spider Nest
 14639 | Lair:2   | Reached skill level 14 in Unarmed Combat
 14819 | Lair:2   | Reached XP level 12. HP: 96/104 MP: 15/15
 15316 | Lair:3   | Noticed an eight-headed hydra
 15327 | Lair:3   | Killed an eight-headed hydra
 15558 | Lair:3   | Reached skill level 15 in Unarmed Combat
 15878 | Lair:3   | Found a staircase to the Swamp.
 15957 | Lair:3   | Noticed a five-headed hydra
 15966 | Lair:3   | Killed a five-headed hydra
 16586 | Lair:4   | Noticed a four-headed hydra
 16595 | Lair:4   | Killed a four-headed hydra
 16745 | Lair:4   | Reached skill level 16 in Unarmed Combat
 16755 | Lair:4   | Reached skill level 1 in Spellcasting
 17495 | Lair:5   | Entered Level 5 of the Lair of Beasts
 17495 | Lair:5   | Noticed a five-headed hydra
 17495 | Lair:5   | Found a staircase to the Slime Pits.
 17514 | Lair:5   | Killed a five-headed hydra
 17558 | Lair:5   | Noticed a catoblepas
 17572 | Lair:5   | Killed a catoblepas
 17575 | Lair:5   | Noticed a boulder beetle
 17593 | Lair:5   | Killed a boulder beetle
 17636 | Lair:5   | Reached skill level 5 in Spellcasting
 17682 | Lair:5   | Reached XP level 13. HP: 103/111 MP: 24/24
 20366 | D:10     | Reached skill level 1 in Transmutations
 21733 | D:11     | Reached skill level 5 in Transmutations
 22345 | D:12     | Identified the +3 dagger of Hacking and Slashing {vorpal,
                  | Fly rF++ Str-3 SInv}
 22831 | D:12     | Found a staircase to the Orcish Mines.
 23265 | D:12     | Found Danaum's Antique Weapon Emporium.
 23717 | D:13     | Reached XP level 14. HP: 117/118 MP: 31/31
 23917 | D:13     | Found a gate to the Vaults.
 23917 | D:13     | Noticed an ironbound preserver
 23930 | D:13     | Killed an ironbound preserver
 24806 | D:13     | Found Fyssej's Book Boutique.
 24878 | D:13     | Learned a level 5 spell: Blade Hands
 25364 | D:14     | Noticed Snorg
 25376 | D:14     | Killed Snorg
 25996 | D:14     | Reached skill level 10 in Spellcasting
 26059 | D:14     | Noticed Frances
 26068 | D:14     | Killed Frances
 26848 | D:14     | Noticed Kirke
 26871 | D:14     | Killed Kirke
 27166 | D:15     | Entered Level 15 of the Dungeon
 28060 | D:15     | Found a staircase to the Depths.
 30009 | Orc:1    | Entered Level 1 of the Orcish Mines
 30009 | Orc:1    | Found Teacheyrgh's Distillery.
 30147 | Orc:1    | Bought a potion of haste for 140 gold pieces
 30147 | Orc:1    | Bought a potion of haste for 140 gold pieces
 30147 | Orc:1    | Bought a potion of might for 56 gold pieces
 30147 | Orc:1    | Bought a potion of curing for 42 gold pieces
 30169 | Orc:1    | Found Kachowko's Armour Shoppe.
 30186 | Orc:1    | Found a frozen archway.
 30197 | IceCv    | Entered an ice cave
 30222 | IceCv    | Reached XP level 15. HP: 124/124 MP: 36/36
 30323 | IceCv    | Reached skill level 10 in Transmutations
 30587 | IceCv    | Got Toacuxto's Encyclopedia of Ensnaring Reformation
 30919 | Orc:1    | Noticed Fannar
 30926 | Orc:1    | Killed Fannar
 31137 | Orc:1    | Found Ciorgh's Jewellery Shoppe.
 31265 | Orc:1    | Noticed Erolcha
 31270 | Orc:1    | Killed Erolcha
 31444 | Orc:1    | Found Geucal's Antique Weapon Shop.
 31555 | Orc:1    | Bought a ring of willpower for 425 gold pieces
 31577 | Orc:2    | Entered Level 2 of the Orcish Mines
 31647 | Orc:2    | Found a staircase to the Elven Halls.
 32921 | Orc:2    | Noticed Urug
 33310 | Orc:2    | Killed Urug
 33318 | Orc:2    | Learned a level 6 spell: Statue Form
 33493 | Orc:2    | Reached skill level 1 in Earth Magic
 33909 | Orc:2    | Found Foser's Assorted Antiques.
 33912 | Orc:2    | Found Neosehum's Jewellery Shoppe.
 33913 | Orc:2    | Found Tell's Jewellery Shoppe.
 33914 | Orc:2    | Found Yvuogam's Distillery.
 33920 | Orc:2    | Bought a potion of experience for 850 gold pieces
 33920 | Orc:2    | Reached skill level 5 in Earth Magic
 33920 | Orc:2    | Reached XP level 16. HP: 132/132 MP: 37/37
 34199 | Swamp:1  | Entered Level 1 of the Swamp
 34335 | Swamp:1  | HP: 4/132 [spriggan rider/+0 spear (18)]
 35853 | Swamp:1  | Learned a level 4 spell: Petrify
 38103 | Spider:1 | Reached skill level 10 in Earth Magic
 38213 | Spider:1 | Acquired 993 gold pieces
 38441 | Orc:2    | Bought a potion of experience for 1600 gold pieces
 38441 | Orc:2    | Reached XP level 17. HP: 137/137 MP: 38/38
 39085 | Spider:1 | HP: 5/133 [culicivora[a torpor snail] (7)]
 39085 | Spider:1 | Slain by a wolf spider

Illustrated notes

Levels and vault maps discovered:
D:1:      dpeg_arrival_arbitrary_b, layout_rooms,
          hellmonk_ecumenical_altar_leap_of_faith, serial_curves,
          eino_curves_01, eino_curves_03, minmay_tree_intersection
D:2:      layout_loops_ring
D:3:      layout_loops_corners
D:4:      layout_cave_pods, kennysheep_little_box, temple_statues
D:5:      layout_basic, serial_shops, nicolae_shop_waterfront,
          nicolae_lakefront_shop, nicolae_shop_bloodbath_and_beyond,
          minmay_manual_monstrance
D:6:      layout_loops_ring, serial_demonic, serial_demonic_b, serial_demonic_f,
          serial_demonic_b, serial_demonic_e, minivault_11
D:7:      layout_cave_pools, uniq_duvessa
D:8:      layout_cave_pools, kennysheep_orc_sif_temple, bloody_makhleb,
          lair_entry_dummy, solitary_fountain, minmay_ruffians
D:9:      layout_long_grid, kb_rosetta
D:10:     layout_grid_maze, lemuel_round_altar
D:11:     layout_basic, grunt_livestock
D:12:     nicolae_cairo_tiling_very_big, layout_cave_pools, orc_0_dummy,
          serial_shops, nicolae_shop_hallway_plus, gauntlet_entry_generic
D:13:     layout_stronghold, skrybe_vaults_entry_preservation, serial_shops,
          nicolae_shop_temple_entry_statues_fountains
D:14:     layout_roguey, nicolae_cairo_tiling_large, uniq_snorg, uniq_kirke,
          uniq_frances
D:15:     gammafunk_depths_entry_grave, layout_basic, okawaru_ov_weapons_minmay,
          chequers_serial_rivers_large_b
Lair:1:   layout_small_grid, chequers_serial_rivers_micro_a,
          minmay_stone_trees_small, grunt_megastairs_2, serial_bayou_shore_a
Lair:2:   nzn_winding_woodlands_small
          [nzn_winding_woodlands_5x15_pathside_ponds,
          nzn_winding_woodlands_center_triple_pond,
          nzn_winding_woodlands_5x15_parted], layout_gridlike,
          spider_nest_entry_web_field, minivault_23, minmay_stone_trees_large,
          chequers_serial_rivers_micro_c
Lair:3:   layout_chaotic_city, skrybe_swamp_entry_bodies,
          infiniplex_staircase_pool_2, lemuel_fruit_tree, grunt_megastairs_5
Lair:4:   layout_loops_ring
Lair:5:   gammafunk_lair_ancient_temple, layout_regular_city, slime_entry_1,
          lemuel_fruit_fields
Swamp:1:  layout_basic_swamp, nicolae_swamp_well_well_well,
          infiniplex_staircase_pool
Swamp:2:  layout_falls_marsh, hangedman_swamp_ruin_wall, swamp_pool3,
          nicolae_swamp_fairy_circle
Spider:1: layout_spider_delve
Orc:1:    layout_caves, portal_ice_cave_rime, serial_shops,
          nicolae_shop_competitors_out_of_business, shop,
          nicolae_lakefront_shop, nicolae_shop_stone,
          nicolae_orc_flooded_monolith, uniq_fannar, uniq_erolcha
Orc:2:    st_orc_pillars, layout_caves, uniq_urug

Skill      XL: |  1  2  3  4  5  6  7  8  9 10 11 12 13 14 15 16 |
---------------+-------------------------------------------------+-----
Unarmed Combat | 2 3 4 5 6 7 8 10 11 14 16 | 16.0
Fighting       | 3 4 5 6 7 9 |  9.0
Armour         | 3 |  3.0
Shields        | 3 |  3.0
Dodging        | 3 4 5 6 7 9 |  9.0
Spellcasting   | 5 9 12 | 12.0
Transmutations | 7 9 12 | 12.0
Earth Magic    | 5 11 | 11.5

Action                   |  1- 3 |  4- 6 |  7- 9 | 10-12 | 13-15 | 16-18 || total
-------------------------+-------+-------+-------+-------+-------+-------++-------
Melee: Unarmed           |   126 |   123 |   395 |   794 |  1335 |   215 ||  2988
       Whip              |    54 |   120 |       |       |       |       ||   174
       Punch             |       |       |       |       |    34 |    20 ||    54
Throw: Dart              |     2 |       |       |       |       |       ||     2
       Throwing net      |       |       |       |       |     3 |       ||     3
 Cast: Blade Hands       |       |       |       |       |    39 |    38 ||    77
Evoke: Wand              |       |     7 |    15 |    31 |    19 |    11 ||    83
       Lightning rod     |       |       |       |       |       |     3 ||     3
       Box of beasts     |       |       |       |       |       |     1 ||     1
       Condenser vane    |       |       |       |       |       |     1 ||     1
  Use: Scroll            |     8 |     6 |    10 |     6 |     9 |    17 ||    56
       Potion            |       |     2 |     2 |       |    13 |    10 ||    27
 Stab: Invisible         |       |     1 |     1 |       |     2 |       ||     4
       Petrified         |       |       |       |     1 |       |       ||     1
Armor: Ring mail         |    46 |   109 |   144 |   234 |   283 |       ||   816
       Scale mail        |       |       |       |       |    67 |   115 ||   182
Dodge: Dodged            |    71 |    63 |   150 |   417 |   684 |   171 ||  1556
Block: Buckler           |    66 |   106 |   191 |   432 |   505 |    37 ||  1337
       Reflection        |     1 |     2 |     5 |     2 |    24 |     2 ||    36
       Other             |       |       |       |       |    50 |    48 ||    98
